 Dungeon Crawl Stone Soup version 0.31.0-12-g77e489cdc1 (webtiles) character file.

Game seed: 1730536863549191037

965 zeram the Cudgeller (level 7, -3/59 HPs)
             Began as a Troll Summoner on Feb 21, 2024.
             Slain by a water moccasin (4 damage)
             ... on level 7 of the Dungeon.
             The game lasted 00:13:46 (3929 turns).

zeram the Cudgeller (Troll Summoner)                Turns: 3929, Time: 00:13:46

Health: -3/59      AC:  7    Str: 17    XL:     7   Next: 93%
Magic:  18/18      EV: 10    Int: 13    God:
Gold:   298        SH:  0    Dex: 10    Spells: 8/11 levels left

rFire   . . .        t - +0 giant club (heavy)
rCold   . . .        (shield currently unavailable)
rNeg    . . .        a - +2 robe
rPois   +            (helmet restricted)
rElec   .            w - +0 cloak {rPois}
rCorr   .            (gloves unavailable)
SInv    .            (boots unavailable)
Will    .....        (no amulet)
Stlth   +            q - ring of magical power
HPRegen 1.09/turn    (no ring)
MPRegen 0.16/turn

%: no passive effects
@: mighty, lethally poisoned (-3 -> -5)
A: large, unfitting armour, claws 3, regeneration 1, shaggy fur 1, tough skin 1
a: no special abilities


You were on level 7 of the Dungeon.
You visited 1 branch of the dungeon, and saw 7 of its levels.

You collected 298 gold pieces.

Inventory:

Hand Weapons
 c - a +0 club
 d - a +0 whip
 h - a +0 mace
 p - a +0 hand axe
 t - a +0 heavy giant club (weapon)
Armour
 a - a +2 robe (worn)
 w - a +0 cloak of poison resistance (worn)
Magical Staves
 o - a staff of death
Jewellery
 m - a ring of ice
 q - a ring of magical power (left claw)
Wands
 k - a wand of flame (28)
 y - a wand of acid (3)
Scrolls
 f - a scroll of enchant armour
 g - 2 scrolls of vulnerability
 x - a scroll of silence
Potions
 b - 2 potions of magic
 i - a potion of might
 n - a potion of cancellation
 u - a potion of degeneration


   Skills:
 + Level 5.2 Maces & Flails
 + Level 3.9 Dodging
 - Level 1.0 Stealth
 + Level 2.5 Spellcasting
 + Level 4.2 Summonings


You had 8 spell levels left.
You knew the following spells:

 Your Spells              Type           Power      Damage    Failure   Level
a - Summon Small Mammal   Summ           48%        N/A       4%          1
b - Call Imp              Summ           24%        N/A       6%          2

Your spell library contained the following spells:

 Spells                   Type           Power      Damage    Failure   Level
 Call Canine Familiar     Summ           12%        N/A       13%         3
 Sandblast                Erth           2%         2d4       24%         1
 Sublimation of Blood     Necr           1%         N/A       36%         2
 Passwall                 Erth           1%         N/A       58%         3
 Stone Arrow              Conj/Erth      2%         3d7       58%         3
 Tukima's Dance           Hex            1%         N/A       58%         3
 Summon Blazeheart Golem  Fire/Summ      7%         N/A       71%         4
 Summon Lightning Spire   Summ/Air       7%         N/A       71%         4
 Brom's Barrelling Bould  Conj/Erth      1%         2d3       94%         4
 Dimensional Bullseye     Hex/Tloc       0%         N/A       94%         4
 Iskenderun's Mystic Bla  Conj/Tloc      1%         2d3       94%         4
 Summon Hydra             Summ           6%         N/A       100%        7


Dungeon Overview and Level Annotations

Branches:
Dungeon (7/15)
 Temple: D:4-7

Altars:
Dithmenos
Qazlal
Zin

Annotations:
D:6 Dowan, Edmund


Innate Abilities, Weirdness & Mutations

You are too large for most types of armour.
You have claws for hands.
Your natural rate of healing is unusually fast.
You are covered in fur. (AC +1)
You have tough skin. (AC +1)


Message History

Unknown command.
You feel sick. The water moccasin bites you.
* * * LOW HITPOINT WARNING * * *
Your cerulean imp closely misses the water moccasin.
The water moccasin bites you but does no damage.
Unknown command.
You are confused.
You feel invigorated.
You feel sick. The water moccasin barely misses you.
Your cerulean imp barely misses the water moccasin.
Unknown command.
Okay, then.
You feel sick.
Your cerulean imp misses the water moccasin.
You bump into the rock wall.
You feel less invigorated.
You feel less confused.
You feel sick. The water moccasin barely misses you.
The water moccasin closely misses you.
Your cerulean imp hits the water moccasin but does no damage.
You feel sick.
Your cerulean imp misses the water moccasin.
You miss the water moccasin.
The water moccasin is severely wounded.
You feel sick. The water moccasin closely misses you.
The water moccasin bites you.
* * * LOW HITPOINT WARNING * * *
You are more poisoned.
The water moccasin poisons you!
Your cerulean imp closely misses the water moccasin.
The water moccasin bites you.
* * * LOW HITPOINT WARNING * * *
Your cerulean imp closely misses the water moccasin.
You closely miss the water moccasin.
The water moccasin is severely wounded.
You feel very sick. The water moccasin bites you.
* * * LOW HITPOINT WARNING * * *
The water moccasin closely misses you.
Your cerulean imp misses the water moccasin.
The water moccasin bites you.
You die...

###.### ###
#..... #...
####.#.##.#.#. #
#.............
.....##.#.##.#.#
#...##......#
#>......5..##
#...####S#.# ##.
##@#.# # #..#.#
####.##.###
#...<.....#
#..##..###... ##
#..# #..# #...
#.##.


You could see a water moccasin (ally target) and a friendly cerulean imp
(summoned).

Vanquished Creatures
  Sigmund (D:3)
  Duvessa (D:6)
  An ogre (D:5)
  A phantom (D:4)
  A bullfrog (D:5)
  A howler monkey (D:5)
  A bombardier beetle (D:4)
  2 orc priests
  A hound (D:6)
  3 iguanas
  Natasha (D:2)
  4 gnolls
  2 adders (D:3)
  4 dart slugs
  16 orcs
  7 endoplasms
  A giant cockroach (D:2)
  5 goblins
  10 hobgoblins
  3 kobolds
  3 quokkas
  6 ball pythons
  2 bats
  3 rats
80 creatures vanquished.

Vanquished Creatures (collateral kills)
  A bombardier beetle (D:4)
  An iguana (D:4)
  Robin (D:4)
  A dart slug (D:5)
  A ball python (D:3)
  An endoplasm (D:4)
  A goblin (D:3)
  3 hobgoblins (D:4)
10 creatures vanquished.

Grand Total: 90 creatures vanquished

Notes
Turn   | Place    | Note
-------+----------+-------------------------------------------
     0 | D:1      | zeram the Troll Summoner began the quest for the Orb.
     0 | D:1      | Reached XP level 1. HP: 16/16 MP: 1/1
   112 | D:1      | Reached XP level 2. HP: 24/24 MP: 3/3
   515 | D:1      | Found a faded altar of an unknown god.
  1015 | D:2      | Reached XP level 3. HP: 31/31 MP: 4/4
  1018 | D:2      | Learned a level 2 spell: Call Imp
  1060 | D:2      | Noticed Natasha
  1066 | D:2      | Killed Natasha
  1325 | D:3      | Reached skill level 1 in Maces & Flails
  1334 | D:3      | Reached XP level 4. HP: 15/39 MP: 2/5
  1373 | D:2      | Reached skill level 2 in Maces & Flails
  1458 | D:3      | Found a glowing silver altar of Zin.
  1466 | D:3      | Noticed Sigmund
  1483 | D:3      | Killed Sigmund
  1484 | D:3      | Reached skill level 3 in Maces & Flails
  1484 | D:3      | Reached XP level 5. HP: 31/45 MP: 2/6
  1484 | D:3      | Reached XP level 6. HP: 36/53 MP: 2/7
  2632 | D:4      | HP: 2/53 [phantom (5)]
  2699 | D:4      | Noticed Robin
  2712 | D:4      | Reached skill level 4 in Maces & Flails
  2851 | D:4      | Reached XP level 7. HP: 22/59 MP: 8/8
  3101 | D:4      | Killed Robin
  3128 | D:5      | Entered Level 5 of the Dungeon
  3499 | D:5      | Found a shadowy altar of Dithmenos.
  3526 | D:5      | Found a stormy altar of Qazlal.
  3847 | D:6      | Noticed Duvessa
  3847 | D:6      | Noticed Dowan
  3862 | D:6      | Reached skill level 5 in Maces & Flails
  3862 | D:6      | Killed Duvessa
  3863 | D:6      | Noticed Edmund
  3865 | D:6      | HP: 2/59 [Edmund/+1 flail of protection (4)]
  3880 | D:6      | Noticed a two-headed ogre
  3923 | D:7      | HP: 1/59 [water moccasin (3)]
  3929 | D:7      | HP: 1/59 [water moccasin (4)]
  3929 | D:7      | Slain by a water moccasin

Illustrated notes

Levels and vault maps discovered:
D:1:      minmay_arrival_jagged, layout_basic, shapermc_ecumenical_altar_petra
D:2:      layout_basic, uniq_natasha
D:3:      layout_basic, lemuel_crystal_altar, roderic_lattice_a, uniq_sigmund
D:4:      layout_rooms, uniq_robin
D:5:      layout_rooms, grunt_dithmenos_smoke_and_mirrors,
          nicolae_overflow_crystal_walls, kennysheep_generic_room_16
D:6:      layout_basic, mainiacjoe_sewer_entry_somewhere_in_here_1,
          serial_shops, nicolae_shop_tiny_statue_garden, shop,
          nicolae_shop_behind_doors, shop, nicolae_shop_crystal,
          kennysheep_generic_room_3, uniq_duvessa, uniq_pikel, uniq_edmund,
          uniq_prince_ribbit1
D:7:      layout_loops_cross, minmay_temple_entry_slanted, minmay_crystal_water,
          uniq_jeremiah

Skill      XL: |  1  2  3  4  5  6  7 |
---------------+----------------------+-----
Summonings     | 3 4 |  4.2
Dodging        | 2 3 |  3.9
Maces & Flails | 1 3 4 5 |  5.2
Spellcasting   | 2 |  2.5
Stealth        | |  1.0

Action                     |  1- 3 |  4- 6 |  7- 9 || total
---------------------------+-------+-------+-------++-------
  Melee: Club              |    11 |       |       ||    11
         Whip              |    12 |       |       ||    12
         Unarmed           |     4 |       |       ||     4
         Punch             |     2 |     3 |     1 ||     6
         Mace              |    56 |   183 |    37 ||   276
         Giant club        |       |       |    42 ||    42
   Cast: Summon Small Mamm |     4 |     6 |     5 ||    15
         Call Imp          |     2 |     8 |     6 ||    16
    Use: Scroll            |     4 |     3 |     8 ||    15
         Potion            |       |     6 |     4 ||    10
   Stab: Sleeping          |     2 |       |       ||     2
         Distracted        |       |     1 |     1 ||     2
 Armour: Robe              |    65 |   160 |    95 ||   320
  Dodge: Dodged            |    54 |    87 |    71 ||   212
